 Dungeon Crawl Stone Soup version 0.26.0-10-g1f06aea511 (webtiles) character file.

Game seed: 11085384956090051448

154 MisterFreud the Shield-Bearer (level 5, -1/47 HPs)
             Began as a Minotaur Fighter on Jan 16, 2021.
             Killed by nerve-wracking pain
             ... invoked by an orc priest
              (11 damage)
             ... on level 3 of the Dungeon.
             The game lasted 00:02:02 (1906 turns).

MisterFreud the Shield-Bearer (Minotaur Fighter)    Turns: 1906, Time: 00:02:03

Health: -1/47      AC:  7    Str: 20    XL:     5   Next: 13%
Magic:  4/4        EV:  7    Int:  6    God:
Gold:   98         SH:  9    Dex: 10    Spells: 4/4 levels left

rFire    x . .     SeeInvis .   a - +0 long sword
rCold    + . .     Faith    .   c - +0 kite shield
rNeg     . . .     Spirit   .   b - +0 scale mail
rPois    .         Reflect  .   (helmet restricted)
rElec    .         Harm     .   (no cloak)
rCorr    .         Rampage  .   (no gloves)
Will     .....                  (no boots)
Stlth    ..........             (no amulet)
HPRegen  0.15/turn              j - ring of ice
MPRegen  0.09/turn              (no ring)

@: no status effects
A: retaliatory headbutt, horns 2
a: no special abilities


You were on level 3 of the Dungeon.
You visited 1 branch of the dungeon, and saw 3 of its levels.

You collected 98 gold pieces.

Inventory:

Hand Weapons
 a - a +0 long sword (weapon)
Armour
 b - a +0 scale mail (worn)
 c - a +0 kite shield (worn)
Jewellery
 j - a ring of ice (left hand)
Scrolls
 h - a scroll of random uselessness {unknown}
 i - 4 scrolls of identify {unknown}
 k - a scroll of enchant weapon {unknown}
 m - 2 scrolls of immolation {unknown}
 n - a scroll of blinking {unknown}
 o - a scroll of remove curse {unknown}
Potions
 d - a potion of might
 e - 2 potions of ambrosia {unknown}
 f - 3 potions of curing {unknown}
 g - 4 potions of brilliance {unknown}
 l - 2 potions of heal wounds {unknown}


   Skills:
 + Level 4.5 Fighting
 * Level 4.4 Long Blades
 + Level 4.4 Armour
 + Level 4.5 Shields


You had 4 spell levels left.
You didn't know any spells.
Your spell library was empty.

Dungeon Overview and Level Annotations

Branches:
Dungeon (3/15)

Altars:
Qazlal


Innate Abilities, Weirdness & Mutations

You reflexively headbutt those who attack you in melee.
You have a pair of horns on your head.


Message History

Beogh smites you!
You barely miss the orc priest.
The orc priest is moderately wounded.
You block the orc priest's attack.
You barely miss the orc priest. Your headbutt misses the orc priest.
The orc priest is moderately wounded.
The orc priest invokes the aid of Beogh against you.
Pain shoots through your body!
* * * LOW HITPOINT WARNING * * *
The orc priest looks encouraged for a moment.
You are too injured to fight recklessly!
You closely miss the orc priest.
The orc priest is moderately wounded.
You block the orc priest's attack.
You are too injured to fight recklessly!
You closely miss the orc priest. You headbutt the orc priest!
The orc priest is almost dead.
The orc priest invokes the aid of Beogh against you.
Pain shoots through your body!
You die...

..... .. ###..#. ##
### .# # .. .. .. .#
###.### #.##. .####
....... #...)#o...#
....# #.oo# ###.#
##.## # #.#
##.#######o# ###..
........@oo# .##.#
##########.# .##.#
#.# [##.# #.# .##.#
#.# .##.# #.# .##.#
#.#
..#.##############.#
#...##.............#


You could see an orc priest and 2 orcs.

Vanquished Creatures
  Robin (D:2)
  A gnoll (D:1)
  3 adders (D:2)
  2 oozes (D:1)
  2 worms
  3 dart slugs
  A leopard gecko (D:1)
  6 orcs
  A ball python (D:1)
  3 bats
  7 giant cockroaches
  20 goblins
  9 hobgoblins
  6 kobolds
  5 frilled lizards
  5 rats (D:1)
75 creatures vanquished.

Notes
Turn   | Place    | Note
-------+----------+-------------------------------------------
     0 | D:1      | MisterFreud the Minotaur Fighter began the quest for the
                  | Orb.
     0 | D:1      | Reached XP level 1. HP: 19/19 MP: 0/0
   126 | D:1      | Reached XP level 2. HP: 24/27 MP: 1/1
   421 | D:1      | Reached XP level 3. HP: 30/33 MP: 2/2
   909 | D:2      | Reached XP level 4. HP: 38/40 MP: 3/3
  1029 | D:2      | Found a stormy altar of Qazlal.
  1449 | D:2      | Noticed Robin
  1463 | D:2      | Killed Robin
  1469 | D:2      | Reached XP level 5. HP: 40/47 MP: 4/4
  1699 | D:3      | Found a faded altar of an unknown god.
  1906 | D:3      | Killed from afar by an orc priest

Illustrated notes

Levels and vault maps discovered:
D:1:      lemuel_arrival_funnel, layout_rooms, minmay_three_crescents
D:2:      layout_loops_cross, grunt_qazlal_clouds, uniq_robin
D:3:      layout_loops_ring, chequers_ecumenical_altar_simple, nrook_mini_vaults

Skill      XL: |  1  2  3  4 |
---------------+-------------+-----
Long Blades    | 3 4 |  4.4
Shields        | 4 |  4.5
Armour         | 4 |  4.4
Fighting       | 4 |  4.5

Action                   |  1- 3 |  4- 6 || total
-------------------------+-------+-------++-------
Melee: Long sword        |    90 |    75 ||   165
       Headbutt          |    11 |    21 ||    32
Armor: Scale mail        |    38 |    22 ||    60
Dodge: Dodged            |    27 |    23 ||    50
Block: Kite shield       |    66 |    35 ||   101
       Rpst.: Long sword |     8 |     8 ||    16
